 Dungeon Crawl Stone Soup version 0.25.1-8-g42b30a86e7 (webtiles) character file.

Game seed: 8677115206635478701

73 Clowwww the Skirmisher (level 4, -2/37 HPs)
             Began as a Demonspawn Abyssal Knight on Dec 13, 2020.
             Was a Follower of Lugonu.
             Slain by a big kobold (3 damage)
             ... on level 4 of the Dungeon.
             The game lasted 00:02:52 (1659 turns).

Clowwww the Skirmisher (Demonspawn Abyssal Knight)  Turns: 1659, Time: 00:02:53

Health: -2/37      AC:  4    Str: 13    XL:     4   Next: 8%
Magic:  6/6        EV: 11    Int: 14    God:    Lugonu [*.....]
Gold:   134        SH:  0    Dex: 12    Spells: 3/3 levels left

rFire    . . .     SeeInvis .   a - +1 hand axe
rCold    . . .     Gourm    .   (no shield)
rNeg     . . .     Faith    .   b - +0 leather armour
rPois    .         Spirit   .   p - +0 helmet
rElec    .         Reflect  .   (no cloak)
rCorr    .         Harm     .   (no gloves)
MR       .....                  (no boots)
Stlth    +.........             (no amulet)
HPRegen  0.12/turn              (no ring)
MPRegen  0.10/turn              (no ring)

@: no status effects
A: talons 1, spiny 1
a: Depart the Abyss, Renounce Religion


You were on level 4 of the Dungeon.
You worshipped Lugonu.
Lugonu was aware of your devotion.
You were not hungry.

You visited 1 branch of the dungeon, and saw 4 of its levels.
You visited the Abyss 1 time.

You collected 134 gold pieces.

Inventory:

Hand Weapons
 a - a +1 hand axe (weapon)
Armour
 b - a +0 leather armour (worn)
 p - a +0 helmet (worn)
Jewellery
 m - a cursed ring of attention {unknown}
Wands
 i - a wand of polymorph (6)
Scrolls
 d - a scroll of noise {unknown}
 f - a scroll of blinking {unknown}
 g - 2 scrolls of teleportation {unknown}
 h - 2 scrolls of identify {unknown}
 l - a scroll of fog {unknown}
 n - a scroll of magic mapping {unknown}
 o - a scroll of remove curse {unknown}
Potions
 e - 2 potions of brilliance {unknown}
 j - a potion of flight {unknown}
 k - 2 potions of curing {unknown}
Comestibles
 c - 2 rations


   Skills:
 + Level 3.9 Fighting
 + Level 2.3 Axes
 + Level 2.1 Armour
 + Level 1.1 Dodging
 + Level 1.0 Stealth
 + Level 2.8 Invocations


You had 3 spell levels left.
You didn't know any spells.
Your spell library was empty.

Dungeon Overview and Level Annotations

Branches:
Dungeon (4/15)
 Temple: D:4-7

Altars:
Makhleb

Shops:
D:4 *


Innate Abilities, Weirdness & Mutations

You have sharp toenails.
You are partially covered in sharp spines.


Message History

Evoke which item? (* to show all) (? for menu, Esc to quit)
Aiming: Polymorph
Press: ? - help, Shift-Dir - straight line, f - ogre
Aim: an ogre, wielding a -1 giant spiked club (chance to defeat MR: 46%)
The ogre evaporates and reforms as a soldier ant!
A hound comes into view.
Evoke which item? (* to show all) (? for menu, Esc to quit)
Aiming: Polymorph
Press: ? - help, Shift-Dir - straight line, f/p - soldier ant
Aim: a soldier ant (chance to defeat MR: 46%)
The soldier ant evaporates and reforms as a big kobold!
Found a glowing red potion, a quarterstaff and a ration.
You slash the big kobold! Your kick misses the big kobold.
The big kobold is moderately wounded.
The big kobold hits you.
* * * LOW HITPOINT WARNING * * *
You barely miss the big kobold.
The big kobold is moderately wounded.
The big kobold hits you.
You die...

##.#### ...
..)..## ..%
#####..... ...)
#......... .)..!
.........##.....
...._....#......
...#.....K..8.8.
........@h#....
.......<.......#
#######+###.....
.### #


You could see a big kobold and a hound.

Vanquished Creatures
  4 adders
  An ooze (D:2)
  A worm (D:3)
  A dart slug (D:1)
  A leopard gecko (D:1)
  A giant cockroach (D:1)
  5 goblins
  4 hobgoblins
  A quokka (D:3)
  A ball python (D:2)
  3 bats
  A frilled lizard (D:3)
  3 kobolds
  3 rats
30 creatures vanquished.

Notes
Turn   | Place    | Note
-------+----------+-------------------------------------------
     0 | Abyss:1  | Clowwww the Demonspawn Abyssal Knight began the quest for
                  | the Orb.
     0 | Abyss:1  | Reached XP level 1. HP: 18/18 MP: 2/2
    71 | Abyss:1  | Noticed a tentacled starspawn
    74 | D:1      | Escaped the Abyss
   169 | D:1      | Reached * piety under Lugonu
   191 | D:1      | Gained mutation: You are partially covered in sharp spines.
                  | [demonic ancestry]
   191 | D:1      | Reached XP level 2. HP: 6/24 MP: 4/4
   544 | D:1      | You fall into a shaft and drop 1 floor!
   675 | D:2      | Reached skill level 1 in Dodging
   686 | D:2      | Gained mutation: You have sharp toenails. [demonic
                  | ancestry]
   686 | D:2      | Reached XP level 3. HP: 30/30 MP: 5/5
  1640 | D:4      | Found Aklipuy's General Store.
  1640 | D:4      | Found a burning altar of Makhleb.
  1649 | D:4      | Reached skill level 1 in Stealth
  1649 | D:4      | Reached XP level 4. HP: 3/37 MP: 6/6
  1652 | D:4      | Noticed an ogre
  1655 | D:4      | Noticed a soldier ant
  1655 | D:4      | an ogre changed into a soldier ant
  1656 | D:4      | Noticed a big kobold
  1656 | D:4      | a soldier ant changed into a big kobold
  1658 | D:4      | HP: 1/37 [big kobold (4)]
  1659 | D:4      | Slain by a big kobold

Illustrated notes

Levels and vault maps discovered:
D:1:      minmay_arrival_stair_chambers, layout_basic, st_stairs_5
D:2:      layout_basic, first_ration, kennysheep_generic_room_11
D:3:      layout_rooms, lemuel_coloured_pillars_altar, serial_corexii_hall,
          corexii_hall_statues_x, corexii_hall_statues_i,
          minmay_shallow_snake_nest
D:4:      layout_basic, nicolae_overflow_hidden_temple,
          eat_drink_and_be_merry_uskayaw, overflow_temple_1_default,
          serial_undead, serial_undead_d, serial_undead_a, serial_undead_e,
          serial_undead_f, serial_undead_e, serial_undead_d, serial_shops, shop,
          nicolae_shop_overgrown_old_shop, kennysheep_little_box

Skill      XL: |  1  2  3 |
---------------+----------+-----
Axes           | 2 |  2.3
Dodging        | 1 |  1.1
Armour         | 2 |  2.1
Stealth        | 1 |  1.0
Fighting       | |  3.9
Invocations    | |  2.8

Action                   |  1- 3 |  4- 6 || total
-------------------------+-------+-------++-------
Melee: Hand axe          |    71 |     2 ||    73
       Kick              |     4 |       ||     4
Invok: Depart the Abyss  |     1 |       ||     1
Evoke: Wand              |       |     2 ||     2
  Eat: Chunk             |     2 |       ||     2
Armor: Leather armour    |    20 |       ||    20
Dodge: Dodged            |    33 |       ||    33
